 Dungeon Crawl Stone Soup version 0.27-a0-1529-g1e82c303ef (webtiles) character file.

Game seed: 15252477068731976122

7347 Sobieck the Severer (level 10, -1/92 HPs)
             Began as a Deep Dwarf Fighter on July 11, 2021.
             Was a Priest of Makhleb.
             Slain by an elephant (3 damage)
             ... on level 2 of the Lair of Beasts.
             The game lasted 00:17:59 (7245 turns).

Sobieck the Severer (Deep Dwarf Fighter)            Turns: 7245, Time: 00:17:59

Health: -1/92      AC: 13    Str: 22    XL:     10   Next: 91%
Magic:  0/0        EV:  4    Int: 16    God:    Makhleb [***...]
Gold:   469        SH: 10    Dex: 18    Spells: 9/9 levels left

rFire    + . .     SeeInvis .   b - +11 hand crossbow "Efuem" {venom, rF+ rCorr Stlth+, crossbow}
rCold    . . .     Faith    .   c - +0 kite shield
rNeg     . . .     Spirit   .   d - +0 plate armour
rPois    .         Reflect  .   (no helmet)
rElec    .         Harm     .   F - +0 cloak
rCorr    +         Rampage  .   (no gloves)
Will     +....                  N - +0 pair of boots
Stlth    ..........             M - amulet of the acrobat
HPRegen  0.00/turn              v - +6 ring of dexterity
MPRegen  0.07/turn              y - +6 ring of intelligence

@: no status effects
A: damage resistance, heal wounds, sense surroundings 2, no regeneration
a: Heal Wounds, Renounce Religion, Minor Destruction, Lesser Servant of Makhleb


You were on level 2 of the Lair of Beasts.
You worshipped Makhleb.
Makhleb was most pleased with you.
You visited 2 branches of the dungeon, and saw 11 of its levels.

You collected 566 gold pieces.
You spent 97 gold pieces at shops.


Innate Abilities, Weirdness & Mutations

You are resistant to damage.
You can heal yourself by infusing magical energy.
You passively map the area around you.
You do not regenerate.


   Skills:
 + Level 6.6 Fighting
 - Level 16.0 Axes
 - Level 3.2 Armour
 - Level 3.2 Shields


You had 9 spell levels left.
You didn't know any spells.
Your spell library contained the following spells:

 Spells                   Type           Power      Damage    Failure   Level
 Animate Skeleton         Necr           0%         N/A       100%        1
 Apportation              Tloc           0%         N/A       100%        1
 Corona                   Hex            0%         N/A       100%        1
 Summon Small Mammal      Summ           0%         N/A       100%        1
 Ensorcelled Hibernation  Hex/Ice        0%         N/A       100%        2
 Slow                     Hex            0%         N/A       100%        2
 Sublimation of Blood     Necr           0%         N/A       100%        2
 Wereblood                Tmut           0%         N/A       100%        2
 Confusing Touch          Hex            0%         N/A       100%        3
 Summon Guardian Golem    Hex/Summ       0%         N/A       100%        3
 Tukima's Dance           Hex            0%         N/A       100%        3
 Vampiric Draining        Necr           0%         2d6       100%        3
 Orb of Destruction       Conj           0%         N/A       100%        7
 Spellforged Servitor     Conj/Summ      0%         N/A       100%        7
 Summon Hydra             Summ           0%         N/A       100%        7

Inventory:

Hand Weapons
 a - a +2 vorpal war axe {axe}
 b - the +11 hand crossbow "Efuem" (weapon) {venom, rF+ rCorr Stlth+, crossbow}
   (You found it on level 2 of the Lair of Beasts)

   It poisons the ammo it fires.
   rF:        It protects you from fire.
   rCorr:     It protects you from acid and corrosion.
   Stlth:     It makes you more stealthy.
 m - a +0 flail {mace}
   (You took it off Terence on level 2 of the Dungeon)
 o - a +0 vorpal mace {mace}
   (You found it on level 2 of the Dungeon)
 q - the +6 dire flail of Pyromania {elec, Int+6, mace}
   (You found it on level 2 of the Lair of Beasts)

   Occasionally, upon striking a foe, it can discharge electrical energy and
   cause terrible harm.
   Int:       It affects your intelligence (+6).
 u - a +0 whip of draining {mace}
   (You took it off a kobold on level 4 of the Dungeon)
 C - a +1 halberd of venom {polearm}
   (You took it off a gnoll on level 6 of the Dungeon)
 H - a +2 whip of flaming {mace}
   (You took it off Pikel on level 6 of the Dungeon)
 K - a +0 morningstar {mace}
   (You took it off a wight on level 6 of the Dungeon)
Missiles
 e - 17 bolts (quivered ammo)
 f - 277 stones {throwing}
 k - 29 poisoned darts {throwing}
 p - 101 sling bullets
 w - 97 arrows
 x - a throwing net {=f!fthrowing}
 D - 4 curare-tipped darts {=fthrowing}
 I - 7 atropa-tipped darts {throwing}
Armour
 c - a +0 kite shield (worn)
 d - a +0 plate armour (worn)
   (You found it on level 8 of the Dungeon)
 n - a +0 chain mail
   (You took it off Terence on level 2 of the Dungeon)
 F - a +0 cloak (worn)
   (You found it on level 6 of the Dungeon)
 N - a +0 pair of boots (worn)
   (You found it on level 7 of the Dungeon)
Jewellery
 v - a +6 ring of dexterity (left hand)
   (You found it on level 4 of the Dungeon)
 y - a +6 ring of intelligence (right hand)
   (You found it on level 6 of the Dungeon)
 z - a ring of see invisible
   (You found it on level 7 of the Dungeon)
 M - an amulet of the acrobat (around neck)
   (You found it on level 7 of the Dungeon)
Wands
 E - a wand of iceblast (6)
   (You found it on level 6 of the Dungeon)
 G - a wand of charming (3)
   (You found it on level 1 of the Lair of Beasts)
 J - a wand of digging (12)
   (You took it off a wight on level 6 of the Dungeon)
 L - a wand of paralysis (11)
   (You found it on level 7 of the Dungeon)
Scrolls
 h - a scroll of magic mapping {!r}
 j - 3 scrolls of fear
 r - a scroll of blinking {!r}
 s - a scroll of immolation {!r!r}
 t - 2 scrolls of enchant armour {unknown}
 B - 2 scrolls of teleportation {@r4}
Potions
 g - 4 potions of brilliance
 i - a potion of cancellation
 l - 3 potions of flight

Dungeon Overview and Level Annotations

Branches:
Dungeon (9/15)             Temple (0/1) D:5            Lair (2/6) D:8
  Swamp: Lair:2-4    Shoals: Lair:2-4     Snake: Lair:2-4    Spider: Lair:2-4
    Orc: D:9-12

Altars:
Makhleb
Trog

Shops:
D:5 ?

Annotations:
D:8 Gastronok

,,##.....####.####...##..#..###
.##......###+P.#.#..###.#...#.
.........###....+....##.......#
,
..##.....###.....##............
..........##..#+..#...#P.......#
. ..........###...##.......(....
*####.....#.#P...###...##.P..###
*, #...........Y......#.##.####
, .............@Y.....[(........
*
*#########..##..##.############
###########


You could see 2 elephants.


Message History

Adjust to which letter? (? for menu, Esc to quit)
b - the +11 hand crossbow "Efuem" {venom, rF+ rCorr Stlth+, crossbow}
z - a ring of see invisible The +11 hand crossbow "Efuem" {venom, rF+ rCorr Stlth+, crossbow} begins to drip with poison!
b - the +11 hand crossbow "Efuem" (weapon)
{venom, rF+ rCorr Stlth+, crossbow} A komodo dragon is nearby!
Fire: 28 bolts
Press: ? - help, Q - select action, (/) - cycle Shift-Dir - straight line, f - komodo dragon
Aim: a komodo dragon (79% to hit)
You shoot a bolt. The bolt hits the komodo dragon!
The komodo dragon looks as sick as possible!
Fire: 27 bolts
Press: ? - help, Q - select action, (/) - cycle Shift-Dir - straight line, f/p - komodo dragon
Aim: a komodo dragon (heavily wounded, extremely poisoned, 79% to hit)
You shoot a bolt. The bolt hits the komodo dragon!
The komodo dragon looks as sick as possible!
Fire: 26 bolts
Press: ? - help, Q - select action, (/) - cycle Shift-Dir - straight line, f/p - komodo dragon
Aim: a komodo dragon (severely wounded, extremely poisoned, 78% to hit)
You shoot a bolt. The bolt hits the komodo dragon.
The komodo dragon looks as sick as possible!
You block the komodo dragon's attack.
You kill the komodo dragon!
Makhleb accepts your kill.
Your Fighting skill increases to level 6!
An elephant is nearby!
Fire: 25 bolts
Press: ? - help, Q - select action, (/) - cycle Shift-Dir - straight line, f - elephant
Aim: an elephant (wandering, hasn't noticed you, 92% to hit)
You shoot a bolt. The bolt hits the elephant.
The elephant is poisoned.
Fire: 24 bolts
Press: ? - help, Q - select action, (/) - cycle Shift-Dir - straight line, f - you That would be overly suicidal.
Okay, then.
Unknown command.
Unknown command.
Fire: 24 bolts
Press: ? - help, Q - select action, (/) - cycle Shift-Dir - straight line, f - elephant
Aim: an elephant (lightly wounded, very poisoned, 92% to hit)
You shoot a bolt. The bolt hits the elephant!
The elephant looks as sick as possible!
Fire: 23 bolts
Press: ? - help, Q - select action, (/) - cycle Shift-Dir - straight line, f/p - elephant
Aim: an elephant (lightly wounded, extremely poisoned, 93% to hit)
You shoot a bolt. The elephant trumpets!
The bolt hits the elephant.
The elephant looks as sick as possible!
An elephant comes into view.
Fire: 22 bolts
Press: ? - help, Q - select action, (/) - cycle Shift-Dir - straight line, f/p - elephant
Aim: an elephant (heavily wounded, very poisoned, 93% to hit)
You shoot a bolt. The bolt barely misses the elephant.
The bolt hits the elephant!!
The elephant looks as sick as possible!
Fire: 21 bolts
Press: ? - help, Q - select action, (/) - cycle Shift-Dir - straight line, f/p - elephant
Aim: an elephant (heavily wounded, very poisoned, 92% to hit)
You shoot a bolt. The bolt hits the elephant.
The elephant looks as sick as possible!
The elephant tramples you but does no damage.
The elephant trunk-slaps you but does no damage.
You block the elephant's attack.
The elephant trunk-slaps you but does no damage.
Fire: 20 bolts
Press: ? - help, Q - select action, (/) - cycle Shift-Dir - straight line, f/p - elephant
Aim: an elephant (almost dead, very poisoned, 93% to hit)
You shoot a bolt. The bolt hits the elephant.
The elephant looks as sick as possible!
You kill the elephant!
Makhleb accepts your kill.
You feel better. 😱 HP[+5]
You now have 92 max hp (+1).
You regained 5 hp, and now have 14/92 hp.
Fire: 19 bolts
Press: ? - help, Q - select action, (/) - cycle Shift-Dir - straight line, f - elephant
Aim: an elephant (heavily wounded, poisoned, 92% to hit)
You shoot a bolt. The bolt hits the elephant.
The elephant tramples you.
You stumble backwards!
The elephant tramples you.
* * * LOW HITPOINT WARNING * * *
You stumble backwards! 😱 HP[-4]
You take 4 damage, and now have 10/92 hp.
The elephant looks more healthy.
You see here a +0 robe.
Fire: 18 bolts
Press: ? - help, Q - select action, (/) - cycle Shift-Dir - straight line, f/p - elephant
Aim: an elephant (severely wounded, 93% to hit)
You shoot a bolt.
The bolt hits the elephant but does no damage.
The elephant tramples you!
* * * LOW HITPOINT WARNING * * *
You stumble backwards! 😱 HP[-8]
You take 8 damage, and now have 2/92 hp.
There is a stone staircase leading up, spattered with blood here.
You block the elephant's attack. The elephant trunk-slaps you.
You die...

Skill      XL: |  1  2  3  4  5  6  7  8  9 10 |
---------------+-------------------------------+-----
Axes           | 3 4 5 7 8 11 12 15 16 | 16.0
Fighting       | 6 |  6.6
Armour         | |  3.2
Shields        | |  3.2

Action                   |  1- 3 |  4- 6 |  7- 9 | 10-12 || total
-------------------------+-------+-------+-------+-------++-------
Melee: War axe           |   101 |   213 |   271 |    61 ||   646
 Fire: Hand crossbow     |       |       |       |    11 ||    11
Invok: Lesser Servant of |       |       |     1 |       ||     1
 Abil: Heal Wounds       |     2 |     4 |    14 |     5 ||    25
Evoke: Wand              |       |       |       |     4 ||     4
  Use: Scroll            |       |     8 |     6 |       ||    14
       Potion            |       |     1 |     1 |     9 ||    11
Armor: Scale mail        |    37 |       |       |       ||    37
       Chain mail        |    30 |   123 |    91 |       ||   244
       Plate armour      |       |       |    32 |    23 ||    55
Dodge: Dodged            |    27 |    38 |    65 |     8 ||   138
Block: Kite shield       |    53 |   119 |   151 |    48 ||   371

Levels and vault maps discovered:
D:1:      sevenhm_arrival_forest_fort_small_4, layout_rooms,
          chequers_ecumenical_altar_island
D:2:      layout_basic, basic_altar, minmay_puff, uniq_terence
D:3:      layout_loops_ring, gup_sewer_entry_spiral,
          amcnicky_mini_corridor_feature
D:4:      layout_cave_pods, nrook_uturn, uniq_menkaure
D:5:      layout_basic, minmay_temple_entry_nine_rooms, serial_shops,
          nicolae_shop_waterfront
D:6:      layout_loops_cross, pf_just_have_faith, serial_rivers,
          chequers_serial_rivers_large_a, chequers_serial_rivers_micro_e,
          chequers_serial_rivers_micro_c, chequers_serial_rivers_micro_d,
          enter_ossuary_1, uniq_pikel, uniq_edmund
D:7:      layout_rooms
D:8:      layout_basic, lair_entry_dummy, uniq_gastronok
D:9:      layout_basic, kennysheep_generic_room_2
Lair:1:   layout_cave_pods, st_stairs_8, grunt_megastairs_5
Lair:2:   layout_regular_city

Notes
Turn   | Place    | Note
-------+----------+-------------------------------------------
     0 | D:1      | Sobieck the Deep Dwarf Fighter began the quest for the Orb.
     0 | D:1      | Reached XP level 1. HP: 20/20 MP: 1/1
     0 | D:1      | magus.rc [v1.9.6]
    42 | D:1      | Found a faded altar of an unknown god.
   183 | D:1      | Reached skill level 3 in Axes
   185 | D:1      | Reached XP level 2. HP: 21/27 MP: 2/2
   714 | D:2      | Reached XP level 3. HP: 22/33 MP: 3/3
   805 | D:2      | Found a burning altar of Makhleb.
   816 | D:2      | Reached skill level 4 in Axes
   818 | D:2      | Became a worshipper of Makhleb the Destroyer
   826 | D:2      | Noticed Terence
   843 | D:2      | Killed Terence
   872 | D:2      | You pick up a book of Maledictions and begin reading...
   872 | D:2      | You add the spells Corona, Ensorcelled Hibernation and
                  | Tukima's Dance to your library.
   994 | D:2      | You pick up a book of Debilitation and begin reading...
   994 | D:2      | You add the spells Slow, Vampiric Draining and Confusing
                  | Touch to your library.
  1029 | D:2      | Reached XP level 4. HP: 33/40 MP: 3/3
  1206 | D:2      | Reached skill level 5 in Axes
  1376 | D:3      | You pick up a book of Dangerous Friends and begin
                  | reading...
  1376 | D:3      | You add the spells Summon Guardian Golem, Orb of
                  | Destruction and Spellforged Servitor to your library.
  1435 | D:3      | Reached * piety under Makhleb
  1486 | D:3      | Reached XP level 5. HP: 38/46 MP: 3/3
  1568 | D:3      | Reached skill level 6 in Axes
  1627 | D:3      | You pick up a book of Cantrips and begin reading...
  1627 | D:3      | You add the spells Animate Skeleton, Summon Small Mammal
                  | and Apportation to your library.
  2216 | D:5      | Entered Level 5 of the Dungeon
  2590 | D:4      | Noticed Menkaure
  2604 | D:4      | Killed Menkaure
  2605 | D:4      | Reached skill level 7 in Axes
  2605 | D:4      | Reached XP level 6. HP: 41/55 MP: 4/4
  2688 | D:4      | Reached skill level 8 in Axes
  3188 | D:5      | Found Ceilimast's Magic Scroll Shop.
  3196 | D:5      | Bought a scroll of enchant weapon for 97 gold pieces
  3210 | D:5      | Reached XP level 7. HP: 61/61 MP: 5/5
  3253 | D:5      | Found a staircase to the Ecumenical Temple.
  3553 | D:5      | Reached skill level 9 in Axes
  3834 | D:6      | Reached ** piety under Makhleb
  4116 | D:6      | Noticed Edmund
  4126 | D:6      | Killed Edmund
  4127 | D:6      | Reached skill level 10 in Axes
  4201 | D:6      | Noticed Pikel
  4268 | D:6      | Killed Pikel
  4269 | D:6      | Reached skill level 11 in Axes
  4269 | D:6      | Reached XP level 8. HP: 37/68 MP: 5/5
  4300 | D:6      | Found a bloodstained altar of Trog.
  4673 | D:6      | Reached skill level 12 in Axes
  4876 | D:8      | Noticed Gastronok
  4900 | D:8      | HP: 16/66 [Gastronok/the air (18)]
  5033 | D:7      | Gained mutation: You passively map the area around you.
                  | [Deep Dwarf growth]
  5033 | D:7      | Reached XP level 9. HP: 57/74 MP: 2/2
  5061 | D:7      | Reached skill level 13 in Axes
  5172 | D:7      | Reached *** piety under Makhleb
  5239 | D:7      | Reached skill level 14 in Axes
  5343 | D:7      | Noticed a troll
  5352 | D:7      | Killed a troll
  5663 | D:8      | Found a staircase to the Lair.
  5814 | D:8      | Noticed an orange demon
  5825 | D:8      | HP: 4/74 [Gastronok/the air (21)]
  5833 | Lair:1   | Entered Level 1 of the Lair of Beasts
  5871 | Lair:1   | Noticed a komodo dragon
  5899 | Lair:1   | Noticed a cane toad
  5905 | Lair:1   | Noticed a komodo dragon
  5906 | Lair:1   | Killed a komodo dragon
  5907 | Lair:1   | Reached skill level 15 in Axes
  5907 | Lair:1   | Reached XP level 10. HP: 79/81 MP: 1/1
  5914 | Lair:1   | HP: 19/81 [komodo dragon (13)]
  5917 | Lair:1   | Killed a cane toad
  6160 | Lair:1   | Noticed a cane toad
  6168 | Lair:1   | Killed a cane toad
  6276 | Lair:2   | Noticed a cane toad
  6284 | Lair:1   | HP: 17/81 [cane toad (17)]
  6287 | Lair:1   | Killed a cane toad
  6289 | Lair:1   | HP: 17/81 [komodo dragon (13)]
  6294 | Lair:1   | Reached skill level 16 in Axes
  6294 | Lair:1   | Reached skill level 3 in Fighting
  6455 | Lair:1   | HP: 12/84 [polar bear (7)]
  6456 | Lair:1   | HP: 5/84 [polar bear (7)]
  6643 | Lair:1   | You pick up a book of Blood and begin reading...
  6643 | Lair:1   | You add the spells Sublimation of Blood, Wereblood and
                  | Summon Hydra to your library.
  6778 | Lair:1   | HP: 9/85 [komodo dragon (22)]
  6785 | Lair:1   | Reached skill level 4 in Fighting
  6914 | Lair:2   | Noticed an elephant
  6914 | Lair:2   | Noticed an elephant
  6914 | Lair:2   | Noticed an elephant
  6914 | Lair:2   | Noticed an elephant
  6978 | Lair:2   | HP: 15/87 [blink frog (5)]
  6989 | Lair:1   | HP: 11/87 [blink frog (8)]
  6992 | Lair:1   | Reached skill level 5 in Fighting
  6995 | Lair:2   | HP: 9/88 [blink frog (7)]
  7019 | Lair:2   | HP: 11/88 [blink frog (1)]
  7023 | Lair:1   | HP: 4/88 [blink frog (6)]
  7094 | Lair:2   | Identified the +6 dire flail of Pyromania {elec, Int+6}
  7158 | Lair:2   | Identified the +11 hand crossbow "Efuem" {venom, rF+ rCorr
                  | Stlth+}
  7181 | Lair:2   | Reached skill level 6 in Fighting
  7200 | Lair:2   | Noticed an elephant
  7225 | Lair:2   | Killed an elephant
  7232 | Lair:2   | HP: 10/92 [elephant (4)]
  7239 | Lair:2   | HP: 2/92 [elephant (8)]
  7245 | Lair:2   | Slain by an elephant

Vanquished Creatures
  Pikel (D:6)
  An elephant (Lair:2)
  3 cane toads (Lair:1)
  5 komodo dragons
  A troll (D:7)
  A polar bear (Lair:1)
  4 blink frogs
  4 yaks (D:7)
  Menkaure (D:4)
  Edmund (D:6)
  3 water moccasins
  An ice beast (D:6)
  An orc warrior (D:8)
  A sky beast (D:7)
  A centaur (D:5)
  3 lemures (D:5)
  A phantom (D:4)
  A kobold brigand (D:8)
  3 bullfrogs
  A scorpion (D:5)
  6 killer bees (D:7)
  10 wights
  A bullfrog zombie (D:7)
  A hound (D:5)
  3 orc priests (D:8)
  A jelly (D:8)
  Terence (D:2)
  An iguana (D:5)
  5 orc wizards (D:8)
  A howler monkey zombie (D:7)
  11 gnolls
  A river rat (D:3)
  11 adders
  A howler monkey skeleton (D:7)
  2 shadow imps (D:7)
  An ufetubus (D:6)
  An adder skeleton (D:4)
  3 worms
  11 orcs
  6 bats
  3 endoplasms
  6 giant cockroaches
  5 goblins
  6 hobgoblins
  19 jackals
  2 quokkas
  2 ball pythons
  2 frilled lizards
  11 kobolds
  5 rats
177 creatures vanquished.

Vanquished Creatures (others)
  9 fungi
  14 plants
23 creatures vanquished.

Grand Total: 200 creatures vanquished

Table legend:
 A = Non-vault XP
 B = Vault XP
 C = Vault XP percentage of total XP
 D = Non-vault monster count
 E = Vault monster count
 F = Vault count percentage of total count
                 A         B        C        D         E       F
            +---------+---------+-------+---------+---------+-------
      Total |    8908 |    1588 |  15.1 |     156 |      18 |  10.3
            +---------+---------+-------+---------+---------+-------
        D:1 |      21 |       0 |   0.0 |      13 |       0 |   0.0
        D:2 |      48 |      48 |  50.0 |      13 |       7 |  35.0
        D:3 |     118 |      47 |  28.5 |      22 |       6 |  21.4
        D:4 |     154 |     172 |  52.8 |      19 |       1 |   5.0
        D:5 |     305 |       0 |   0.0 |       9 |       0 |   0.0
        D:6 |     721 |     787 |  52.2 |      16 |       2 |  11.1
        D:7 |    2062 |       0 |   0.0 |      21 |       0 |   0.0
        D:8 |     741 |       0 |   0.0 |      26 |       0 |   0.0
        D:9 |       6 |       0 |   0.0 |       2 |       0 |   0.0
     Lair:1 |    3585 |     534 |  13.0 |      12 |       2 |  14.3
     Lair:2 |    1147 |       0 |   0.0 |       3 |       0 |   0.0
            +---------+---------+-------+---------+---------+-------

Illustrated notes

Table legend:
 A = Kills in this place as a percentage of kills in entire the game.
 B = Kills by you in this place as a percentage of kills by you in the entire game.
 C = Kills by friends in this place as a percentage of kills by friends in the entire game.
 D = Other kills in this place as a percentage of other kills in the entire game.
 E = Experience gained in this place as a percentage of experience gained in the entire game.
 F = Experience gained in this place divided by the number of levels of this place that you have seen.
                   A       B       C       D       E      F
               +-------+-------+-------+-------+-------+----------------------
         Total | 100.0 | 100.0 |   N/A |   N/A | 100.0 | 954.2
       Dungeon |  90.2 |  90.2 |   N/A |   N/A |  49.8 | 581.1
          Lair |   9.8 |   9.8 |   N/A |   N/A |  50.2 | 2633.0
               +-------+-------+-------+-------+-------+----------------------

Table legend: (Time is in decaauts)
 A = Elapsed time spent in this place.
 B = Non-inter-level travel time spent in this place.
 C = Inter-level travel time spent in this place.
 D = Time resting spent in this place.
 E = Time spent auto-exploring this place.
 F = Levels seen in this place.
 G = Mean time per level.
                   A        B        C        D        E       F      G
               +--------+--------+--------+--------+--------+-----+--------+
         Total |   7515 |   7104 |    411 |    322 |   4923 |  11 |  683.2 |
       Dungeon |   6095 |   5740 |    355 |    103 |   4068 |   9 |  677.2 |
          Lair |   1420 |   1365 |     55 |    219 |    855 |   2 |  710.0 |
               +--------+--------+--------+--------+--------+-----+--------+

Top non-repeatable levels by time:
     D:6: 1112 daAuts
  Lair:1: 1006 daAuts
     D:4: 943 daAuts
     D:2: 928 daAuts
     D:3: 908 daAuts
     D:5: 712 daAuts
     D:7: 593 daAuts
     D:8: 445 daAuts
     D:1: 439 daAuts
  Lair:2: 413 daAuts
     D:9: 10 daAuts
